 Dungeon Crawl Stone Soup version 0.21-a0-584-g185da8e (webtiles) character file.

131792 Lanoc the Tortoise (level 16, -5/147 HPs)
             Began as a Minotaur Fighter on Dec 20, 2017.
             Was the Champion of Okawaru.
             Slain by a seven-headed hydra (11 damage)
             ... called by a spriggan druid
             ... on level 4 of the Swamp.
             The game lasted 02:06:44 (30486 turns).

Lanoc the Tortoise (Minotaur Fighter)              Turns: 30486, Time: 02:06:45

Health: -5/147     AC: 24    Str: 22    XL:     16   Next: 56%
Magic:  23/23      EV: 19    Int:  8    God:    Okawaru [******]
Gold:   3510       SH:  0    Dex: 16    Spells: 15/15 levels left

rFire    . . .     SeeInvis .   D - +4 hand crossbow (freeze)
rCold    + + +     Gourm    .   (no shield)
rNeg     + . .     Faith    .   c - +0 ice dragon scales
rPois    .         Spirit   .   O - +2 hat {Int+3}
rElec    .         Reflect  .   b - scarf {rC+ rF+}
rCorr    .         Harm     .   N - +3 pair of gauntlets of War {Slay+5}
MR       ++...                  S - +0 pair of boots {Stlth+}
Stlth    +.........             I - amulet of regeneration
HPRegen  0.74/turn              G - ring of protection from magic
MPRegen  0.18/turn              n - ring of positive energy

@: about to teleport
A: retaliatory headbutt, horns 2
a: Heroism, Finesse, Renounce Religion


You were on level 4 of the Swamp.
You worshipped Okawaru.
Okawaru was exalted by your worship.
You were not hungry.

You visited 5 branches of the dungeon, and saw 28 of its levels.
You also visited: Sewer, Bailey and Ice Cave.

You collected 3510 gold pieces.

Inventory:

Hand Weapons
 v - a +8 triple sword of protection
 D - a +4 hand crossbow of freezing (weapon)
 H - the +5 hand crossbow "Bereosam" {elec, rElec rC+++ MR++ Int-2}
   (Okawaru gifted it to you on level 2 of the Swamp)

   It charges the ammunition it shoots with electricity; occasionally upon a
   hit, such missiles may discharge and cause terrible harm.
   It affects your intelligence (-2).
   It renders you almost immune to cold.
   It insulates you from electricity.
   It affects your resistance to hostile enchantments.
 P - a +4 arbalest
 Q - a +0 vampiric demon blade
Missiles
 k - 635 bolts (quivered)
 Y - 8 silver tomahawks
Armour
 b - a scarf of resistance (worn)
 c - +0 ice dragon scales (worn)
 l - +0 swamp dragon scales
 y - a +1 chain mail of fire resistance
 N - the +3 pair of gauntlets of War (worn) {Slay+5}
   (You acquired it in a bailey)

   It affects your accuracy and damage with ranged weapons and melee attacks
   (+5).
 O - a +2 hat of intelligence (worn)
 S - a +0 pair of boots of stealth (worn)
 W - a +1 cloak of invisibility
Jewellery
 j - an uncursed ring of protection from cold
 n - a ring of positive energy (right hand)
 G - a ring of protection from magic (left hand)
 I - an amulet of regeneration (around neck)
Wands
 g - a wand of iceblast (15)
 r - a wand of polymorph (12)
 s - a wand of flame (150)
 J - a wand of digging (6)
 L - a wand of paralysis (27)
 U - a wand of clouds (5)
 X - a wand of disintegration (10)
Scrolls
 a - 6 scrolls of amnesia
 e - 6 scrolls of fear
 m - 3 scrolls of teleportation
 x - 4 scrolls of remove curse
 B - 3 scrolls of blinking
 C - 4 scrolls of enchant armour
 E - 2 scrolls of fog
 F - a scroll of holy word
 M - 2 scrolls of magic mapping
Potions
 d - 2 potions of might
 o - 10 potions of curing
 p - 7 potions of agility
 q - 7 potions of brilliance
 t - 7 potions of flight
 u - 2 potions of resistance
 w - 3 potions of heal wounds
 A - 6 potions of haste
 K - 3 potions of invisibility
 T - 2 potions of magic
Miscellaneous
 i - 2 phantom mirrors
Comestibles
 f - 49 rations


   Skills:
 + Level 14.7 Fighting
 + Level 14.5 Long Blades
 + Level 12.1 Crossbows
 + Level 17.6 Armour
 + Level 13.3 Dodging
   Level 10.8 Shields
 + Level 11.4 Invocations


You had 15 spell levels left.
You didn't know any spells.

Dungeon Overview and Level Annotations

Branches:
Dungeon (15/15)            Temple (1/1) D:5            Lair (6/6) D:9
  Swamp (4/4) Lair:4       Spider (0/4) Lair:2        Slime (0/5) Lair:5
    Orc (2/2) D:11            Elf (0/3) Orc:2        Vaults (0/5) D:14
 Depths (0/5) D:15

Altars:
Ashenzari
Cheibriados
Dithmenos
Elyvilon
Fedhas
Gozag
Hepliaklqana
Kikubaaqudgha
Makhleb
Nemelex Xobeh
Okawaru
Qazlal
Ru
Sif Muna
Trog
Uskayaw
Vehumet
Wu Jian
Xom
Yredelemnul
Zin
The Shining One
Beogh

Shops:
D:4 :   D:10 (   D:11 [   Orc:2 =*[(

Portals:
Trove: D:13 (give +3 fire dragon scales)


Innate Abilities, Weirdness & Mutations

You reflexively headbutt those who attack you in melee.
You have a pair of horns on your head.


Message History

The seven-headed hydra bites you but does no damage.
The seven-headed hydra completely misses you.
The seven-headed hydra closely misses you.
The four-headed hydra closely misses you.
The four-headed hydra barely misses you.
The four-headed hydra bites you!!
* * * LOW HITPOINT WARNING * * *
The four-headed hydra bites you but does no damage.
The blink frog completely misses you.
The shadow slips into darkness.
The shadow flickers and vanishes!
Deactivating autopickup; reactivate with Ctrl-A.
The seven-headed hydra closely misses you.
The seven-headed hydra misses you. The seven-headed hydra bites you!
* * * LOW HITPOINT WARNING * * *
The seven-headed hydra bites you but does no damage.
The seven-headed hydra misses you.
The seven-headed hydra bites you but does no damage.
The seven-headed hydra bites you!
You die...

♣♣..≈≈≈..≈≈≈≈≈≈.≈≈≈♣♣
♣♣≈≈≈≈≈≈..≈≈≈≈§≈≈≈≈≈♣♣≈
♣♣.≈≈≈≈≈.†.≈≈≈≈≈≈≈≈.(..♣
♣≈≈≈≈≈≈≈≈≈.†≈≈≈....≈≈≈.≈.≈.
♣♣.§≈≈≈≈≈...≈≈.....≈≈≈≈.≈≈≈
♣♣≈......≈♣≈≈≈♣♣.≈≈≈≈≈≈§.♣
♣♣♣≈....≈♣≈≈.≈†..≈≈≈≈≈≈≈≈
♣♣.≈≈.≈....DD)≈≈≈≈≈≈≈≈≈≈
♣.≈≈≈≈≈§.≈.@F§≈≈≈≈≈≈≈≈≈≈
♣♣.≈≈≈≈.§≈≈.≈≈≈§≈≈≈≈≈≈≈≈
♣♣.≈≈.≈≈≈≈.♣..{.§≈≈≈≈≈≈
♣♣≈♣♣≈....♣♣≈♣♣.≈≈≈≈≈.
♣♣♣♣♣)≈≈≈♣♣♣♣ ...≈≈≈.
♣♣.≈≈≈.♣ ≈...... ♣♣♣≈.≈≈≈.♣
♣..♣♣.§ ♣≈...≈≈≈.♣ ♣≈♣ .
♣≈...≈..♣♣♣ ≈♣


You could see a seven-headed hydra, a four-headed hydra and a blink frog.

Vanquished Creatures
  Donald (Swamp:2)
  2 orc warlords
  Louise (Swamp:1)
  A yaktaur captain (D:14)
  Erolcha (Orc:2)
  2 ice dragons (IceCv)
  19 hydras
  6 two-headed ogres
  3 centaur warriors
  A catoblepas (Lair:6)
  9 alligators
  4 tengu warriors
  A death knight (D:13)
  3 orc high priests (Orc:2)
  Nergalle (D:11)
  Sonja (Orc:2)
  A skeletal warrior (D:12)
  4 spriggan druids
  7 swamp dragons
  4 unseen horrors
  2 shambling mangroves
  A glowing orange brain (D:15)
  6 orc knights
  2 lindwurms (Lair:6)
  A wolf spider zombie (D:14)
  8 ugly things
  7 orc sorcerers
  7 cyclopes
  A deep elf mage (D:15)
  The ghost of 2tc the Ruffian, a novice DrTm (D:6)
  A moth of wrath (shapeshifter) (D:13)
  A centaur zombie (D:15)
  3 ice statues
  4 black mambas
  6 elephants (Lair:3)
  A water nymph (shapeshifter) (D:15)
  A gargoyle (D:14)
  30 spiny frogs
  A kobold demonologist (D:14)
  7 komodo dragons
  2 rime drakes (IceCv)
  A demonic crawler (Lair:2)
  8 trolls
  7 yaktaurs
  3 freezing wraiths (D:12)
  3 hornets
  Grinder (D:5)
  A polar bear (shapeshifter) (D:15)
  A polar bear (Lair:3)
  9 tyrant leeches
  3 bog bodies
  Prince Ribbit (Lair:3)
  19 slime creatures
  4 dream sheep (Lair:6)
  21 blink frogs
  12 hippogriffs
  3 spriggans
  A wraith (D:14)
  Sigmund (D:2)
  A vampire (D:14)
  A hungry ghost (D:11)
  2 wyverns
  48 yaks
  Eustachio (D:4)
  6 basilisks
  17 vampire mosquitoes
  5 insubstantial wisps (Swamp:2)
  Edmund (D:4)
  16 swamp worms
  An acid dragon (D:11)
  2 wargs
  9 water moccasins
  Duvessa (D:6)
  8 porcupines
  A hornet zombie (D:13)
  The ghost of Aviak the Vexing, an amateur SpEn (D:3)
  43 orc warriors
  25 ice beasts
  2 phantoms
  3 sky beasts
  An eye of draining (D:15)
  10 swamp drakes
  A black bear (D:13)
  20 ogres
  12 wolves (Lair:6)
  20 centaurs
  12 crocodiles
  4 big kobolds
  23 bullfrogs
  2 gnoll sergeants
  Dowan (D:6)
  2 wyvern skeletons
  5 scorpions
  9 killer bees
  3 electric eels
  3 howler monkeys
  3 crimson imps
  2 bullfrog zombies (D:13)
  7 hounds
  5 jellies
  17 orc priests
  2 bullfrog skeletons
  4 centaur skeletons
  4 gnoll shamans (D:10)
  5 iguanas
  10 worker ants
  24 orc wizards
  A worker ant zombie (D:6)
  24 gnolls
  A howler monkey skeleton (D:5)
  18 adders
  7 river rats
  2 shadow imps
  3 oozes
  4 adder skeletons
  17 worms
  4 leopard geckos
  104 orcs
  6 ball pythons
  6 bats
  8 giant cockroaches
  4 goblins
  7 hobgoblins
  22 jackals
  3 quokkas
  10 frilled lizards
  27 kobolds
  36 rats
  A butterfly (Lair:3)
  4 fungi
  3 plants
991 creatures vanquished.

Vanquished Creatures (others)
  3 orc wizards
  A bush (Lair:2)
  12 fungi
  46 plants
62 creatures vanquished.

Grand Total: 1053 creatures vanquished

Notes
Turn   | Place    | Note
-------+----------+-------------------------------------------
     0 | D:1      | Lanoc the Minotaur Fighter began the quest for the Orb.
     0 | D:1      | Reached XP level 1. HP: 19/19 MP: 0/0
   171 | D:1      | Reached XP level 2. HP: 22/27 MP: 1/1
   332 | D:1      | Reached skill level 1 in Dodging
   593 | D:2      | Reached skill level 4 in Armour
   593 | D:2      | Reached XP level 3. HP: 30/33 MP: 2/2
   930 | D:2      | Noticed Sigmund
   935 | D:2      | Reached XP level 4. HP: 31/41 MP: 3/3
   941 | D:2      | Killed Sigmund
   941 | D:2      | Reached XP level 5. HP: 47/47 MP: 4/4
  1106 | D:3      | Noticed Aviak's ghost (amateur SpEn)
  1115 | D:3      | Killed Aviak's ghost
  1115 | D:3      | Reached skill level 5 in Fighting
  1115 | D:3      | Reached skill level 5 in Armour
  1115 | D:3      | Reached skill level 5 in Shields
  1115 | D:3      | Reached XP level 6. HP: 56/56 MP: 5/5
  1207 | D:3      | Found a glowing drain.
  1218 | Sewer    | Entered a sewer
  1814 | D:3      | Reached XP level 7. HP: 55/61 MP: 6/6
  1894 | D:3      | Found a burning altar of Makhleb.
  2318 | D:4      | Found Iwkycw Besch's Book Emporium.
  2435 | D:4      | Noticed Eustachio
  2453 | D:4      | Killed Eustachio
  2453 | D:4      | Reached skill level 5 in Long Blades
  2654 | D:4      | Noticed Edmund
  2674 | D:4      | Killed Edmund
  2674 | D:4      | Reached skill level 6 in Armour
  2698 | D:4      | HP: 3/63 [poisoned by Edmund]
  2704 | D:4      | HP: 2/63 [poisoned by Edmund]
  2712 | D:4      | HP: 2/63 [poisoned by Edmund]
  3248 | D:4      | Reached XP level 8. HP: 54/70 MP: 7/7
  3385 | D:5      | Entered Level 5 of the Dungeon
  3385 | D:5      | Noticed Grinder
  3388 | D:5      | Paralysed by Grinder for 3 turns
  3393 | D:5      | Killed Grinder
  3408 | D:5      | Found a white marble altar of Elyvilon.
  3680 | D:5      | Reached skill level 5 in Dodging
  3826 | D:5      | Found a staircase to the Ecumenical Temple.
  3831 | Temple   | Entered the Ecumenical Temple
  3911 | Temple   | Became a worshipper of Warmaster Okawaru
  3969 | D:5      | Reached skill level 7 in Armour
  4154 | D:6      | Reached skill level 1 in Invocations
  4328 | D:6      | Found a bloodstained altar of Trog.
  4584 | D:6      | Reached XP level 9. HP: 53/79 MP: 7/9
  4734 | D:6      | Found an opulent altar of Gozag.
  4900 | D:6      | Noticed 2tc's ghost (novice DrTm)
  4924 | D:6      | Killed 2tc's ghost
  4924 | D:6      | Reached * piety under Okawaru
  4924 | D:6      | Reached skill level 1 in Crossbows
  5009 | D:6      | Noticed Duvessa
  5010 | D:6      | Noticed Dowan
  5016 | D:6      | Killed Duvessa
  5036 | D:6      | Killed Dowan
  5299 | D:7      | Reached ** piety under Okawaru
  5512 | D:7      | Found an ancient bone altar of Kikubaaqudgha.
  5757 | D:8      | Reached skill level 8 in Armour
  5806 | D:8      | Reached XP level 10. HP: 34/88 MP: 11/11
  6255 | D:8      | Found a blossoming altar of Fedhas.
  6367 | D:8      | Found the +7 longbow "Piercer" {penet, EV-2}
  6367 | D:8      | Noticed an ice statue
  6756 | D:8      | Killed an ice statue
  6756 | D:8      | Reached *** piety under Okawaru
  6781 | D:8      | Noticed a dagger
  6782 | D:8      | Found a hide-covered altar of Uskayaw.
  6782 | D:8      | Noticed a hand axe
  7095 | D:9      | Reached **** piety under Okawaru
  7120 | D:9      | Found a sacrificial altar of Ru.
  7171 | D:9      | Received a gift from Okawaru
  7414 | D:9      | Found a staircase to the Lair.
  7808 | D:10     | Entered Level 10 of the Dungeon
  7834 | D:10     | Reached skill level 9 in Armour
  8202 | D:10     | Found Ighoreatt's Antique Weapon Boutique.
  8386 | D:10     | Killed an unseen horror
  8386 | D:10     | Received a gift from Okawaru
  8902 | D:10     | Reached XP level 11. HP: 92/97 MP: 10/13
  9214 | D:10     | Reached skill level 5 in Crossbows
  9285 | D:10     | Reached skill level 5 in Invocations
  9362 | D:11     | Noticed an orc knight
  9388 | D:11     | Killed an orc knight
  9473 | D:11     | Found a staircase to the Orcish Mines.
  9473 | D:11     | Found Fegoded's Armour Shoppe.
  9733 | D:11     | Reached ***** piety under Okawaru
  9780 | D:11     | Received a gift from Okawaru
  9930 | D:11     | Noticed a white ugly thing
  9951 | D:11     | Killed a white ugly thing
  9951 | D:11     | Received a gift from Okawaru
 10061 | D:11     | Noticed a seven-headed hydra
 10703 | D:12     | Noticed a two-headed ogre
 10719 | D:12     | Killed a two-headed ogre
 10740 | D:12     | Identified a scroll of acquirement
 10831 | D:12     | Noticed a centaur warrior
 10843 | D:12     | Killed a centaur warrior
 10843 | D:12     | Reached skill level 10 in Armour
 10846 | D:12     | Reached skill level 10 in Fighting
 10967 | D:12     | Found a flagged portal.
 10980 | Bailey   | Entered a bailey
 11045 | Bailey   | Reached skill level 10 in Shields
 11224 | Bailey   | Received a gift from Okawaru
 11649 | Bailey   | Noticed an orc knight
 11667 | Bailey   | Killed an orc knight
 11667 | Bailey   | Received a gift from Okawaru
 11676 | Bailey   | Reached XP level 12. HP: 106/106 MP: 8/15
 11691 | Bailey   | Got a blackened executioner's axe
 11703 | Bailey   | Identified the +6 executioner's axe of Riakkidd {chop, rPois Dex+2} (You found it in a bailey)
 11716 | Bailey   | Found the +3 pair of gauntlets of War {Slay+5}
 12262 | D:12     | Reached skill level 10 in Long Blades
 12270 | D:12     | Received a gift from Okawaru
 12309 | D:12     | Found a hazy altar of Hepliaklqana.
 12467 | D:13     | Noticed a death knight
 12862 | D:13     | Killed a death knight
 12883 | D:13     | Reached skill level 11 in Armour
 12979 | D:13     | Received a gift from Okawaru
 13326 | D:13     | Received a gift from Okawaru
 13724 | D:13     | Found a portal to a secret trove of treasure.
 14097 | D:14     | Noticed a two-headed ogre
 14102 | D:14     | Killed a two-headed ogre
 14257 | D:14     | Reached skill level 12 in Armour
 14279 | D:14     | Noticed a two-headed ogre
 14286 | D:14     | Killed a two-headed ogre
 14294 | D:14     | Noticed a tengu warrior
 14294 | D:14     | Noticed a tengu warrior
 14304 | D:14     | Killed a tengu warrior
 14304 | D:14     | Received a gift from Okawaru
 14304 | D:14     | Reached XP level 13. HP: 99/116 MP: 8/17
 14920 | D:14     | Got a dazzling dire flail
 14921 | D:14     | Identified the cursed +1 dire flail "Xotyrasy" {freeze, +Blink rPois rC-} (You found it on level 14 of the Dungeon)
 15568 | D:14     | Reached skill level 10 in Dodging
 15583 | D:14     | Found a gate to the Vaults.
 16252 | D:15     | Entered Level 15 of the Dungeon
 16266 | D:15     | Reached skill level 13 in Armour
 16847 | D:15     | Received a gift from Okawaru
 16854 | D:15     | Got an ichor-stained scale mail {god gift}
 16880 | D:15     | Identified the +0 scale mail of the World {+Fly MP+9} (Okawaru gifted it to you on level 15 of the Dungeon)
 16949 | D:15     | Found a staircase to the Depths.
 17383 | D:15     | Reached ****** piety under Okawaru
 17495 | D:15     | Reached XP level 14. HP: 123/126 MP: 15/19
 17921 | D:11     | Reached skill level 14 in Armour
 18459 | Lair:1   | Entered Level 1 of the Lair of Beasts
 19387 | Lair:2   | Found a hole to the Spider Nest.
 19472 | Lair:2   | Found a frozen archway.
 19487 | Lair:2   | Received a gift from Okawaru
 19497 | IceCv    | Entered an ice cave
 20130 | Lair:2   | Received a gift from Okawaru
 20875 | Lair:3   | Received a gift from Okawaru
 20912 | Lair:3   | Reached skill level 10 in Crossbows
 20915 | Lair:3   | Reached skill level 15 in Armour
 21455 | Lair:3   | Noticed Prince Ribbit
 21460 | Lair:3   | Killed Prince Ribbit
 21768 | Lair:4   | Received a gift from Okawaru
 21783 | Lair:4   | Got a pair of twisted gloves {god gift}
 21796 | Lair:4   | Identified the +0 pair of gloves of the Dolphin {rN+ MR+} (Okawaru gifted it to you on level 4 of the Lair of Beasts)
 21845 | Lair:4   | Found a staircase to the Swamp.
 22877 | Lair:5   | Found a staircase to the Slime Pits.
 23546 | Lair:6   | Entered Level 6 of the Lair of Beasts
 23591 | Lair:6   | Reached XP level 15. HP: 122/136 MP: 21/21
 23633 | Lair:6   | Reached skill level 10 in Invocations
 24114 | Lair:6   | Received a gift from Okawaru
 24114 | Lair:6   | Reached skill level 16 in Armour
 24558 | Lair:6   | Got a transparent morningstar
 24559 | Lair:6   | Identified the +3 morningstar "Lusok" {crush, MR+ Dex+2} (You found it on level 6 of the Lair of Beasts)
 24564 | Lair:6   | Got a crude long sword
 24605 | Lair:6   | Identified the +0 long sword of Guile {elec, Stlth+} (You found it on level 6 of the Lair of Beasts)
 25122 | Orc:1    | Entered Level 1 of the Orcish Mines
 25122 | Orc:1    | Noticed Nergalle
 25122 | Orc:1    | Noticed an orc warlord
 25132 | D:11     | Killed Nergalle
 25155 | D:11     | Killed an orc warlord
 25335 | Orc:1    | Found a roughly hewn altar of Beogh.
 25419 | Orc:2    | Entered Level 2 of the Orcish Mines
 25438 | Orc:2    | Noticed Erolcha
 25443 | Orc:2    | Killed Erolcha
 25521 | Orc:2    | Received a gift from Okawaru
 25734 | Orc:2    | Received a gift from Okawaru
 25874 | Orc:2    | Noticed an orc warlord
 25916 | Orc:2    | Killed an orc warlord
 25916 | Orc:2    | Received a gift from Okawaru
 26164 | Orc:2    | Paralysed by an orc sorcerer for 7 turns
 26623 | Orc:2    | Found a burning altar of Makhleb.
 26631 | Orc:2    | Noticed Sonja
 26821 | Orc:2    | Found Umniteuble's Antique Armour Boutique.
 26822 | Orc:2    | Found Xomuirghe's Antique Weapon Shop.
 26824 | Orc:2    | Found Amuoloeh's General Store.
 26824 | Orc:2    | Found Dimojy's Jewellery Boutique.
 27002 | Orc:2    | Killed Sonja
 27093 | Orc:2    | Found a staircase to the Elven Halls.
 27366 | Swamp:1  | Entered Level 1 of the Swamp
 27410 | Swamp:1  | Reached skill level 17 in Armour
 27546 | Swamp:1  | Noticed Louise
 27576 | Swamp:1  | Killed Louise
 27664 | Swamp:1  | Reached XP level 16. HP: 133/146 MP: 23/23
 28419 | Swamp:2  | Noticed Donald
 28433 | Swamp:2  | Killed Donald
 28435 | Swamp:2  | Received a gift from Okawaru
 28439 | Swamp:2  | Got a scorched hand crossbow {god gift}
 28440 | Swamp:2  | Identified the +5 hand crossbow "Bereosam" {elec, rElec rC+++ MR++ Int-2} (Okawaru gifted it to you on level 2 of the Swamp)
 29715 | Swamp:3  | Received a gift from Okawaru
 29853 | Swamp:4  | Entered Level 4 of the Swamp
 30126 | Swamp:4  | Received a gift from Okawaru
 30478 | Swamp:4  | Received a gift from Okawaru
 30486 | Swamp:4  | HP: 6/147 [seven-headed hydra[a spriggan druid] (15)]
 30486 | Swamp:4  | Slain by a seven-headed hydra

Vault maps used:
D:1:      lightli_iron_boxes
D:2:      minmay_stone_trees_small, uniq_sigmund
D:3:      lemuel_doored_altar, lightli_sewer_entry_pipes
D:4:      cheibrodos_barr_body, serial_shops, shop, uniq_edmund, uniq_eustachio
D:5:      elyvilon_altar_5, temple_doors_ab, first_ration,
          kennysheep_generic_room_4, uniq_grinder
D:6:      overflow_temple_1_default, kennysheep_mini_moat, uniq_duvessa
D:7:      lemuel_round_altar
D:8:      minmay_statue_hallways, dancing_weapons_uskayaw,
          overflow_temple_1_default, blue_anna_alchemist
D:9:      nicolae_ru_awakened_eye, minmay_lair_entry_grove
D:10:     kennysheep_seaside_town, serial_shops, nicolae_shop_statue_plus
D:11:     statuecave_lemuel, orc_david_3, kennysheep_cluttered_room,
          grunt_decor_clamped
D:12:     basic_altar, enter_bailey_2
D:13:     trove_entry_hex_spiral, uniq_kirke
D:14:     david_vaults_2, hangedman_decor_peaks_small
D:15:     gammafunk_enter_depths_forms, minmay_misc_feat_square
Temple:   nicolae_temple_great_sept
Lair:1:   grunt_megastairs_5, lemuel_fruit_tree, serial_bayou_shore_b
Lair:2:   nicolae_spider_entry_non_spiders, portal_ice_cave_entry_ice_beasts,
          wad_woods_06, hangedman_lair_generics_rect
Lair:3:   lemuel_fruit_fields, uniq_prince_ribbit2
Lair:4:   swamp_mist, minivault_27, lemuel_fruit_fields
Lair:5:   minmay_slime_entry_pillars, worms_lemuel
Lair:6:   minmay_lair_end_frog_pond, minivault_27
Swamp:1:  serial_swamp_ruin, hangedman_swamp_ruin_wall,
          evilmike_swamp_ruin_house_1, uniq_louise
Swamp:2:  evilmike_swamp_ruin_house_2, uniq_donald
Swamp:3:  evilmike_swamp_ruin_house_5, infiniplex_staircase_pool
Swamp:4:  swamp_old_school
Orc:1:    basic_altar, uniq_nergalle
Orc:2:    st_orc_congregation, basic_altar, uniq_sonja, uniq_erolcha
Sewer:    sewer_minmay_treatment
Bailey:   bailey_polearm_2, bailey
IceCv:    ice_cave_small_dragons

Skill      XL: |  1  2  3  4  5  6  7  8  9 10 11 12 13 14 15 16 |
---------------+-------------------------------------------------+-----
Dodging        | 1 2 3 4 5 6 7 8 9 10 11 12 13 | 13.3
Fighting       | 4 5 6 7 8 9 10 11 12 13 14 | 14.7
Armour         | 4 5 6 7 8 9 10 12 13 15 17 | 17.6
Shields        | 4 5 6 7 8 9 10 | 10.8
Long Blades    | 3 4 5 6 7 8 9 10 12 13 14 | 14.5
Invocations    | 1 3 4 6 7 8 9 10 11 | 11.4
Crossbows      | 3 4 6 7 9 10 11 12 | 12.1

Action                   |  1- 3 |  4- 6 |  7- 9 | 10-12 | 13-15 | 16-18 || total
-------------------------+-------+-------+-------+-------+-------+-------++-------
Melee: Long sword        |    75 |   165 |    21 |       |       |       ||   261
       Headbutt          |    11 |    25 |    90 |   218 |   236 |    50 ||   630
       Scimitar          |       |       |   343 |   750 |       |       ||  1093
       Triple sword      |       |       |       |    43 |   801 |   174 ||  1018
 Fire: Hand crossbow     |       |       |       |    69 |    41 |    45 ||   155
       Arbalest          |       |       |       |       |    64 |       ||    64
Invok: Heroism           |       |       |     1 |    10 |    10 |       ||    21
       Finesse           |       |       |       |     4 |     7 |       ||    11
 Abil: Evoke Berserk Rag |       |     2 |     2 |       |       |       ||     4
  Use: Scroll            |       |    12 |     5 |    11 |    17 |     6 ||    51
       Potion            |       |       |     3 |     2 |     3 |     3 ||    11
 Stab: Sleeping          |       |       |       |       |     1 |       ||     1
  Eat: Chunk             |       |     5 |    12 |    27 |    25 |     5 ||    74
       Ration            |       |       |     1 |     1 |     5 |     2 ||     9
Armor: Scale mail        |    49 |       |       |       |    12 |       ||    61
       Ring mail         |     4 |   103 |   160 |   230 |   202 |       ||   699
       Skin              |       |       |       |       |     3 |       ||     3
       Ice dragon scales |       |       |       |       |   371 |   150 ||   521
Dodge: Dodged            |    40 |   108 |   175 |   460 |  1116 |   309 ||  2208
Block: Shield            |    59 |   160 |   234 |   570 |       |       ||  1023
       Rpst.: Long sword |    10 |    27 |     2 |       |       |       ||    39
       Scimitar          |       |       |    43 |    89 |       |       ||   132
       Triple sword      |       |       |       |    14 |   269 |    38 ||   321

Table legend:
 A = Spawn XP
 B = Non-spawn XP
 C = Spawn XP percentage of total XP
 D = Spawn monster count
 E = Non-spawn monster count
 F = Spawn count percentage of total count
 G = Total turns spent on level
                    A         B        C        D         E        F      G
               +---------+---------+-------+---------+---------+-------+---------
         Total |       0 |  188275 |   0.0 |       0 |     984 |   0.0 | 30486
               +---------+---------+-------+---------+---------+-------+---------
           D:1 |       0 |      32 |   0.0 |       0 |      21 |   0.0 |   561
           D:2 |       0 |     319 |   0.0 |       0 |      25 |   0.0 |   542
           D:3 |       0 |     388 |   0.0 |       0 |      43 |   0.0 |   589
           D:4 |       0 |     625 |   0.0 |       0 |      16 |   0.0 |  1123
           D:5 |       0 |     933 |   0.0 |       0 |      20 |   0.0 |   656
           D:6 |       0 |    1435 |   0.0 |       0 |      28 |   0.0 |  1083
           D:7 |       0 |     770 |   0.0 |       0 |      25 |   0.0 |   433
           D:8 |       0 |    2284 |   0.0 |       0 |      21 |   0.0 |  1334
           D:9 |       0 |    2087 |   0.0 |       0 |      17 |   0.0 |   853
          D:10 |       0 |    3357 |   0.0 |       0 |      48 |   0.0 |  1713
          D:11 |       0 |    9320 |   0.0 |       0 |      60 |   0.0 |  1934
          D:12 |       0 |    7448 |   0.0 |       0 |      28 |   0.0 |  1425
          D:13 |       0 |    6314 |   0.0 |       0 |      27 |   0.0 |  1431
          D:14 |       0 |   14843 |   0.0 |       0 |      39 |   0.0 |  2384
          D:15 |       0 |   16844 |   0.0 |       0 |      42 |   0.0 |  1230
        Lair:1 |       0 |    4627 |   0.0 |       0 |      19 |   0.0 |   972
        Lair:2 |       0 |    5582 |   0.0 |       0 |      29 |   0.0 |  1011
        Lair:3 |       0 |    8550 |   0.0 |       0 |      27 |   0.0 |   942
        Lair:4 |       0 |    2657 |   0.0 |       0 |      14 |   0.0 |   745
        Lair:5 |       0 |    6548 |   0.0 |       0 |      38 |   0.0 |  1315
        Lair:6 |       0 |   24912 |   0.0 |       0 |      92 |   0.0 |  1264
       Swamp:1 |       0 |    9760 |   0.0 |       0 |      18 |   0.0 |   829
       Swamp:2 |       0 |   13277 |   0.0 |       0 |      23 |   0.0 |   938
       Swamp:3 |       0 |    8175 |   0.0 |       0 |      22 |   0.0 |   720
       Swamp:4 |       0 |    9444 |   0.0 |       0 |      20 |   0.0 |   633
         Orc:1 |       0 |    3610 |   0.0 |       0 |      28 |   0.0 |   683
         Orc:2 |       0 |   16356 |   0.0 |       0 |     100 |   0.0 |  1288
         Sewer |       0 |     161 |   0.0 |       0 |      48 |   0.0 |   570
        Bailey |       0 |    2275 |   0.0 |       0 |      26 |   0.0 |   751
         IceCv |       0 |    5342 |   0.0 |       0 |      20 |   0.0 |   443
               +---------+---------+-------+---------+---------+-------+---------
